 Dungeon Crawl Stone Soup version 0.31-a0-795-g5eb97db20b (webtiles) character file.

Game seed: 15649387566687302869

12676 Joey1 the Severer (level 11, -12/99 HPs)
             Began as a Minotaur Fighter on Sept 19, 2023.
             Was an Elder of Okawaru.
             Killed from afar by an ice dragon (51 damage)
             ... with a blast of cold
             ... in an ice cave.
             The game lasted 00:30:38 (13023 turns).

Joey1 the Severer (Minotaur Fighter)               Turns: 13023, Time: 00:30:39

Health: -12/99     AC: 15    Str: 24    XL:     11   Next: 65%
Magic:  10/15      EV:  7    Int:  5    God:    Okawaru [****..]
Gold:   1162       SH:  6    Dex: 17    Spells: 10/10 levels left

rFire   . . .        L - +0 broad axe
rCold   . . .        c - +0 buckler
rNeg    . . .        x - +0 plate armour
rPois   .            (helmet restricted)
rElec   .            (no cloak)
rCorr   .            w - +2 pair of gloves
SInv    .            g - +0 pair of boots
Will    .....        (no amulet) Stlth
                     v - +6 ring of dexterity
HPRegen 0.36/turn    j - ring of flight
MPRegen 0.14/turn

%: no passive effects
@: finesse-ful, frozen, flying, very slow
A: horns 2, retaliatory headbutt
a: Renounce Religion, Heroism, Finesse


You were in an ice cave.
You worshipped Okawaru.
Okawaru was greatly pleased with you.
You visited 2 branches of the dungeon, and saw 14 of its levels.
You also visited: Bailey and Ice Cave.

You collected 1162 gold pieces.

Inventory:

Hand Weapons
 a - a +0 war axe
 i - a +1 heavy trident
 z - a +0 flail of protection
 A - the +5 quarterstaff of the New World {flame, rC+ Str+3}
   (You found it on level 6 of the Dungeon)

   Str+3:     It affects your strength (+3).
   rC+:       It protects you from cold.
 K - a +0 hand axe of electrocution
 L - a +0 broad axe (weapon)
Missiles
 y - 5 throwing nets
 I - 17 boomerangs
 J - 19 poisoned darts
 M - 10 datura-tipped darts
Armour
 b - a +0 scale mail
 c - a +0 buckler (worn)
 g - a +0 pair of boots (worn)
 w - a +2 pair of gloves (worn)
 x - a +0 plate armour (worn)
 H - the +0 plate armour "Yblaow" {+Blink}
   (You took it off a kobold in a bailey)

   +Blink:    It lets you blink.
Jewellery
 j - a ring of flight (right hand)
 n - a ring of wizardry
 v - a +6 ring of dexterity (left hand)
 N - an amulet of guardian spirit
 Q - a ring of resist corrosion
Wands
 f - a wand of quicksilver (6)
 u - a wand of charming (12)
 P - a wand of flame (3)
 R - a wand of polymorph (5)
Scrolls
 e - 5 scrolls of fear
 h - a scroll of revelation
 l - 2 scrolls of teleportation
 m - a scroll of blinking {unknown}
 o - 3 scrolls of noise
 r - a scroll of summoning {unknown}
 s - 4 scrolls of vulnerability
 t - 3 scrolls of immolation
 D - a scroll of enchant weapon {unknown}
 F - 2 scrolls of amnesia {unknown}
 O - a scroll of poison {unknown}
Potions
 d - 2 potions of might
 k - 3 potions of brilliance
 p - 4 potions of degeneration
 q - a potion of haste {unknown}
 B - 3 potions of resistance
 C - a potion of invisibility {unknown}
 E - 5 potions of curing {unknown}
 G - a potion of heal wounds


   Skills:
 - Level 10.0 Fighting
 + Level 17.7 Axes
 - Level 3.6 Armour
 - Level 3.0 Dodging
 - Level 5.0 Shields
 - Level 7.0 Invocations


You had 10 spell levels left.
You didn't know any spells.
Your spell library contained the following spells:

 Spells                   Type           Power      Damage    Failure   Level
 Apportation              Tloc           0%         N/A       100%        1
 Freeze                   Ice            0%         1d3       100%        1
 Magic Dart               Conj           0%         1d3       100%        1
 Necrotise                Necr           0%         1d4       100%        1
 Lesser Beckoning         Tloc           0%         N/A       100%        2
 Static Discharge         Conj/Air       0%         2-2/arc   100%        2
 Frozen Ramparts          Ice            0%         1d1       100%        3
 Gell's Gravitas          Tloc           0%         N/A       100%        3
 Hailstorm                Conj/Ice       0%         3d3       100%        3
 Inner Flame              Hex/Fire       0%         N/A       100%        3
 Mephitic Cloud           Conj/Pois/Air  0%         N/A       100%        3
 Teleport Other           Tloc           0%         N/A       100%        3
 Airstrike                Air            0%         2d(0-16)  100%        4
 Dimensional Bullseye     Hex/Tloc       0%         N/A       100%        4
 Flame Wave               Conj/Fire      0%         2d4       100%        4
 Iskenderun's Mystic Bla  Conj/Tloc      0%         2d3       100%        4
 Olgreb's Toxic Radiance  Pois           0%         N/A       100%        4
 Sticky Flame             Conj/Fire      0%         2d3       100%        4
 Discord                  Hex            0%         N/A       100%        8
 Ignition                 Fire           0%         3d3       100%        8
 Summon Small Mammal      Summ           Unusable   N/A       N/A         1
 Call Imp                 Summ           Unusable   N/A       N/A         2
 Tukima's Dance           Hex            Unusable   N/A       N/A         3
 Summon Lightning Spire   Summ/Air       Unusable   N/A       N/A         4

Dungeon Overview and Level Annotations

Branches:
Dungeon (13/15)            Temple (1/1) D:7          Bailey (visited)
  IceCv (1/1)
   Lair: D:8-11         Orc: D:9-12      Vaults: D:13-14

Altars:
Ashenzari
Cheibriados
Dithmenos
Fedhas
Gozag
Hepliaklqana
Kikubaaqudgha
Makhleb
Okawaru
Qazlal
Ru
Sif Muna
Trog
Uskayaw
Vehumet
Wu Jian
Xom
Yredelemnul
Zin
The Shining One

Shops:
D:4 :

Annotations:
D:6 3 runed translucent doors, cforsyth's ghost, novice DjDe


Innate Abilities, Weirdness & Mutations

You have a pair of horns on your head.
You reflexively headbutt those who attack you in melee.


Message History

The blast of cold hits you!
Unknown command.
You slash the ice dragon!
The ice dragon is moderately wounded.
The ice dragon bites you but does no damage.
The ice dragon claws you but does no damage.
The ice dragon tramples you but does no damage.
You closely miss the ice dragon.
The ice dragon is moderately wounded.
The ice dragon bites you but does no damage.
The ice dragon claws you but does no damage.
The ice dragon tramples you but does no damage.
You can now deal lightning-fast blows.
The rime drake bites you but does no damage.
The ice dragon bites you but does no damage.
You block the ice dragon's attack. x2
You hit the ice dragon but do no damage.
You headbutt the ice dragon!
The ice dragon is moderately wounded.
You hit the rime drake. The rime drake breathes ice at you.
The icy flash freeze hits you!!
You are encased in ice.
You hit the ice dragon.
The ice dragon is heavily wounded.
You hit the rime drake but do no damage.
You hit the ice dragon but do no damage.
You headbutt the ice dragon!
The ice dragon is heavily wounded.
You closely miss the rime drake. The rime drake bites you.
The ice dragon bites you! The ice dragon claws you.
The ice dragon tramples you!
You are shoved backwards!
You hit the ice dragon but do no damage.
The ice dragon is heavily wounded.
You slash the ice dragon!
The ice dragon is heavily wounded.
The ice dragon breathes frost at you. The blast of cold hits you!!!
Ouch! That really hurt!
You die...

..# ##.#
##..# ##
#...# .#
#####..#
.##
##...#.##
..#
#.k#...#
..#
##D##..#
.#
#@.#.##
.##
###.###
..##
##...#
#..#
##..###
##.##
##..##
#..##
#..##
###..##
#..#
#.....#
#..#
#.....##
#.##


You could see an ice dragon (catching breath) and a rime drake (catching
breath).

Vanquished Creatures
  A two-headed ogre (D:9)
  Amaemon (D:8)
  An orc knight (Bailey)
  2 ice statues (IceCv)
  A gargoyle (D:11)
  An orange demon (D:8)
  A rime drake (IceCv)
  An unseen horror (D:7)
  An efreet (D:12)
  A kobold demonologist (D:9)
  2 komodo dragons
  2 trolls
  2 hornets
  Grinder (D:6)
  Prince Ribbit (D:5)
  5 slime creatures (D:12)
  A vampire (D:9)
  2 shadows
  7 yaks
  A wyvern (D:8)
  A steam dragon (D:8)
  Edmund (D:5)
  A water moccasin (D:7)
  Duvessa (D:4)
  An ice beast (D:6)
  2 black bears
  4 orc warriors
  4 sky beasts
  2 ogres (D:5)
  10 centaurs
  A phantom (D:4)
  7 kobold brigands
  A bullfrog (D:8)
  3 scorpions (D:6)
  3 lindwurm simulacra (IceCv)
  Dowan (D:4)
  A killer bee (D:9)
  7 howler monkeys
  3 hounds
  2 jellies
  4 komodo dragon simulacra (IceCv)
  4 iguanas
  3 orc priests
  6 orc wizards
  Terence (D:2)
  2 adders
  19 gnolls
  3 acid dragon simulacra (IceCv)
  A shadow imp (D:7)
  4 white imps
  3 steam dragon simulacra (IceCv)
  2 ufetubi
  A worm (D:3)
  2 dart slugs
  17 orcs
  9 endoplasms
  5 giant cockroaches
  10 goblins
  9 hobgoblins
  2 jackals (D:1)
  25 kobolds
  4 quokkas
  5 ball pythons
  9 bats
  2 frilled lizards
  8 rats
251 creatures vanquished.

Notes
Turn   | Place    | Note
-------+----------+-------------------------------------------
     0 | D:1      | Joey1 the Minotaur Fighter began the quest for the Orb.
     0 | D:1      | Reached XP level 1. HP: 19/19 MP: 0/0
   133 | D:1      | Reached XP level 2. HP: 27/27 MP: 1/1
   242 | D:1      | Reached skill level 1 in Dodging
   433 | D:1      | Found a faded altar of an unknown god.
   499 | D:1      | Reached skill level 3 in Axes
   499 | D:1      | Reached XP level 3. HP: 30/33 MP: 2/2
   961 | D:2      | Noticed Terence
   973 | D:2      | Killed Terence
   974 | D:2      | Reached XP level 4. HP: 30/41 MP: 3/3
  1049 | D:2      | Found a basalt altar of Yredelemnul.
  2092 | D:3      | Reached XP level 5. HP: 46/47 MP: 4/4
  2304 | D:4      | Found a sacrificial altar of Ru.
  2445 | D:4      | Noticed Dowan
  2445 | D:4      | Noticed Duvessa
  2722 | D:4      | Noticed a sky beast
  2737 | D:4      | Killed a sky beast
  2738 | D:4      | Reached skill level 5 in Fighting
  2738 | D:4      | Reached skill level 4 in Axes
  2738 | D:4      | Reached skill level 5 in Shields
  2738 | D:4      | Reached XP level 6. HP: 50/56 MP: 5/5
  2810 | D:4      | Reached skill level 5 in Axes
  3185 | D:4      | Found Seklamuo's Self-Improvement Boutique.
  3558 | D:5      | Entered Level 5 of the Dungeon
  3602 | D:5      | Reached skill level 6 in Axes
  3634 | D:5      | Reached skill level 7 in Axes
  3634 | D:5      | Reached XP level 7. HP: 46/61 MP: 6/6
  3850 | D:5      | Reached skill level 8 in Axes
  3907 | D:5      | Noticed Edmund
  3952 | D:5      | Killed Edmund
  3953 | D:5      | Reached skill level 9 in Axes
  4151 | D:5      | Reached XP level 8. HP: 47/68 MP: 7/7
  4292 | D:5      | Reached skill level 10 in Axes
  4323 | D:5      | Found a shimmering blue altar of Sif Muna.
  4347 | D:5      | Noticed Grinder
  4347 | D:5      | Noticed Prince Ribbit
  4383 | D:5      | Paralysed by Grinder for 3 turns
  4389 | D:6      | Killed Grinder
  4603 | D:6      | Reached skill level 11 in Axes
  4859 | D:5      | Found a hazy altar of Hepliaklqana.
  4886 | D:5      | Killed Prince Ribbit
  4887 | D:5      | Reached skill level 12 in Axes
  5047 | D:6      | Reached XP level 9. HP: 69/74 MP: 8/8
  5093 | D:6      | Identified the +5 quarterstaff of the New World {flame, rC+
                  | Str+3}
  5137 | D:6      | Found a runed translucent gate.
  5137 | D:6      | Found a runed translucent gate.
  5137 | D:6      | Found a runed translucent gate.
  5146 | D:6      | Noticed cforsyth's ghost (novice DjDe)
  5246 | D:6      | Reached skill level 13 in Axes
  5511 | D:6      | Found a shadowy altar of Dithmenos.
  5511 | D:6      | Found a radiant altar of Vehumet.
  5828 | D:7      | Found a staircase to the Ecumenical Temple.
  5834 | Temple   | Entered the Ecumenical Temple
  5860 | Temple   | Became a worshipper of Warmaster Okawaru
  6375 | D:4      | Killed Dowan
  6394 | D:4      | Killed Duvessa
  6395 | D:4      | Reached skill level 14 in Axes
  6702 | D:4      | Found a sacrificial altar of Ru.
  6868 | D:4      | Found Seklamuo's Self-Improvement Boutique.
  7070 | D:7      | Found a bloodstained altar of Trog.
  7235 | D:7      | Killed an unseen horror
  7560 | D:7      | Found a shimmering altar of Xom.
  7627 | D:7      | Reached skill level 15 in Axes
  7627 | D:7      | Reached * piety under Okawaru
  8355 | D:8      | Noticed an orange demon
  8356 | D:8      | Noticed Amaemon
  8821 | D:8      | Killed an orange demon
  8822 | D:8      | Reached XP level 10. HP: 54/81 MP: 6/9
  8823 | D:8      | Killed Amaemon
  8824 | D:8      | Reached skill level 16 in Axes
  8824 | D:8      | Reached skill level 1 in Invocations
  8939 | D:8      | Found a basalt altar of Yredelemnul.
  9130 | D:8      | Paralysed by a hornet for 3 turns
  9136 | D:8      | Reached ** piety under Okawaru
  9482 | D:10     | Entered Level 10 of the Dungeon
  9557 | D:9      | Found a flagged portal.
  9564 | Bailey   | Entered a bailey
  9610 | Bailey   | Identified the +0 plate armour "Yblaow" {+Blink}
  9699 | Bailey   | Noticed an orc knight
  9722 | Bailey   | Killed an orc knight
  9952 | Bailey   | Reached skill level 5 in Invocations
 10155 | Bailey   | Found an iron altar of Okawaru.
 10235 | D:9      | Reached *** piety under Okawaru
 10603 | D:9      | Found a snail-covered altar of Cheibriados.
 10639 | D:9      | Reached XP level 11. HP: 87/95 MP: 14/14
 10680 | D:9      | Noticed a two-headed ogre
 10701 | D:9      | Killed a two-headed ogre
 11009 | D:10     | You are sucked into a shaft and drop 3 floors!
 11010 | D:13     | Noticed a vault guard
 11010 | D:13     | Noticed a vault guard
 11014 | D:13     | Noticed a vault guard
 11027 | D:13     | Noticed a skeletal warrior
 11027 | D:13     | Noticed a skeletal warrior
 11096 | D:12     | Reached **** piety under Okawaru
 11922 | D:11     | Reached skill level 10 in Fighting
 11922 | D:11     | Reached skill level 17 in Axes
 11973 | D:11     | Found a frozen archway.
 11994 | IceCv    | Entered an ice cave
 12812 | IceCv    | Received a gift from Okawaru
 13001 | IceCv    | Noticed an ice dragon
 13023 | IceCv    | Killed from afar by an ice dragon

Illustrated notes

Levels and vault maps discovered:
D:1:      psy_arrival_whirlpool, layout_loops_ring,
          shapermc_ecumenical_altar_acropolis, minmay_rat_gold_closets
D:2:      layout_basic, basic_altar, uniq_terence
D:3:      layout_loops_corners
D:4:      cheibrodos_quashed, layout_layer_cave,
          nicolae_ru_sacrificial_ziggurat, corexii_checkpoint_a,
          nicolae_shop_self_help, uniq_duvessa
D:5:      layout_basic, worldfamousw_hep_ancestral_shrine,
          mainiacjoe_overflow_small_starburst, nrook_uturn,
          serial_park_tiny_pond, uniq_prince_ribbit1, uniq_grinder, uniq_edmund
D:6:      layout_rooms, gammafunk_temple_overflow_wave,
          ebering_ghost_rock_garden, minivault_5, st_stairs_10
D:7:      cheibrodos_helix_gallery, layout_basic,
          mainiacjoe_overflow_concentric_impassable, marbit_many_paths,
          minmay_temple_entry_hall
D:8:      layout_loops_ring, mainiacjoe_overflow_alcove_4, uniq_amaemon
D:9:      layout_long_grid, cheibriados_altar_1, enter_bailey_4,
          minmay_misc_feat_iff, minmay_mirror_moons_of_madness
D:10:     gammafunk_sealed_arena, layout_stronghold, kennysheep_mini_moat,
          nemelex_spade_bored_becter, minivault_19
D:11:     layout_roguey, david_lair_shrubbed, erik_orc_1,
          portal_ice_cave_entry_pillars_1, uniq_gastronok
D:12:     layout_irregular_city, grunt_ministairs_12
D:13:     layout_roguey, ximxim_vaults_locker_room, uniq_jorgrun
Temple:   chequers_temple_sunken
IceCv:    ice_cave_small_dragons

Skill      XL: |  1  2  3  4  5  6  7  8  9 10 11 |
---------------+----------------------------------+-----
Dodging        | 1 2 3 |  3.0
Fighting       | 4 5 8 10 | 10.0
Shields        | 4 5 |  5.0
Axes           | 3 4 7 9 12 15 16 17 | 17.7
Invocations    | 5 7 |  7.0
Armour         | |  3.6

Action                     |  1- 3 |  4- 6 |  7- 9 | 10-12 || total
---------------------------+-------+-------+-------+-------++-------
  Melee: War axe           |    80 |   124 |   278 |    96 ||   578
         Headbutt          |     9 |    20 |    53 |    79 ||   161
         Broad axe         |       |       |       |   189 ||   189
         Hand axe          |       |       |       |     6 ||     6
 Invoke: Heroism           |       |       |     1 |     6 ||     7
         Finesse           |       |       |       |     1 ||     1
    Use: Potion            |       |       |     4 |       ||     4
         Scroll            |       |       |     9 |     3 ||    12
 Armour: Scale mail        |    47 |    61 |       |       ||   108
         Plate armour      |       |    22 |   262 |   260 ||   544
  Dodge: Dodged            |    22 |    56 |    76 |    63 ||   217
  Block: Buckler           |    19 |    28 |    73 |    62 ||   182

Table legend: (Time is in decaauts)
 A = Elapsed time spent in this place.
 B = Non-inter-level travel time spent in this place.
 C = Inter-level travel time spent in this place.
 D = Time resting spent in this place.
 E = Time spent auto-exploring this place.
 F = Levels seen in this place.
 G = Mean time per level.
                   A        B        C        D        E       F      G
               +--------+--------+--------+--------+--------+-----+--------+
         Total |  13020 |  12285 |    735 |   2138 |   6917 |  16 |  813.8 |
       Dungeon |  11298 |  10589 |    709 |   1040 |   6882 |  13 |  869.1 |
        Temple |     57 |     31 |     26 |      0 |      0 |   1 |   57.0 |
        Bailey |    651 |    651 |      0 |    366 |     35 |   1 |  651.0 |
      Ice Cave |   1013 |   1013 |      0 |    732 |      0 |   1 | 1013.0 |
               +--------+--------+--------+--------+--------+-----+--------+

Top non-repeatable levels by time:
     D:4: 1991 daAuts
     D:7: 1519 daAuts
     D:5: 1282 daAuts
     D:9: 1104 daAuts
   IceCv: 1013 daAuts
     D:6: 1010 daAuts
     D:3: 997 daAuts
     D:8: 893 daAuts
     D:1: 866 daAuts
    D:12: 719 daAuts
  Bailey: 651 daAuts
     D:2: 617 daAuts
    D:11: 227 daAuts
  Temple: 57 daAuts
    D:10: 45 daAuts
